 Dungeon Sprint DCSS version 0.29.1-15-g9cfb28693d (webtiles) character file.

Game seed: 2742280829956741067

370 Groucho the Summoner (level 6, 0/32 HPs)
             Began as a Deep Elf Summoner on Apr 6, 2023.
             Was a High Priest of Sif Muna.
             Slain by an ice devil (20 damage)
             ... in the Dungeon (Sprint VII: "The Pits").
             The game lasted 00:04:49 (1054 turns).

Groucho the Summoner (Deep Elf Summoner)            Turns: 1054, Time: 00:04:49

Health: 0/32       AC:  2    Str:  5    XL:     6   Next: 42%
Magic:  15/19      EV: 16    Int: 22    God:    Sif Muna [*****.]
Gold:   0          SH:  0    Dex: 15    Spells: 9/22 levels left

rFire   . . .      SeeInvis .   m - +2 quarterstaff (speed)
rCold   . . .      Faith    .   (shield currently unavailable)
rNeg    . . .      Spirit   .   a - +0 robe
rPois   .          Reflect  .   (no helmet)
rElec   .          Harm     .   (no cloak)
rCorr   .          Rampage  .   (no gloves)
Will    .....      NoTele   +   (no boots)
Stlth   ++........              (no amulet)
HPRegen 0.10/turn               (no ring)
MPRegen 0.16/turn               (no ring)

@: no status effects
A: no striking features
a: Renounce Religion, Channel Magic, Forget Spell, Divine Exegesis


You were in the Dungeon.
You worshipped Sif Muna.
Sif Muna was extremely pleased with you.
You visited 1 branch

Inventory:

Hand Weapons
 m - a +2 quarterstaff of speed (weapon)
Missiles
 l - 12 stones
Armour
 a - a +0 robe (worn)
Scrolls
 g - a scroll of blinking
 j - 5 scrolls of amnesia
 k - a scroll of summoning
Potions
 b - 5 potions of magic
 c - 6 potions of curing
 d - 6 potions of heal wounds
 e - a potion of haste
 f - 3 potions of berserk rage
 h - a potion of lignification {unknown}
 i - 2 potions of invisibility


   Skills:
 + Level 7.7 Dodging
 - Level 2.4 Stealth
 + Level 8.6 Spellcasting
 + Level 0.2 Conjurations
 + Level 5.3 Hexes
 * Level 10.7 Summonings
 + Level 0.2 Fire Magic
 + Level 0.3 Ice Magic
 + Level 3.8 Air Magic


You had 9 spell levels left.
You knew the following spells:

 Your Spells              Type           Power      Damage    Failure   Level
a - Summon Small Mammal   Summ           100%       N/A       1%          1
b - Call Imp              Summ           54%        N/A       1%          2
c - Call Canine Familiar  Summ           54%        N/A       1%          3
d - Summon Guardian Gole  Hex/Summ       44%        N/A       1%          3
e - Summon Lightning Spi  Summ/Air       41%        N/A       3%          4

Your spell library contained the following spells:

 Spells                   Type           Power      Damage    Failure   Level
 Dazzling Flash           Conj/Hex       42%        N/A       7%          3
 Hailstorm                Conj/Ice       10%        3d5       52%         4
 Iskenderun's Mystic Bla  Conj/Tloc      9%         2d4       54%         4
 Freezing Cloud           Conj/Ice/Air   8%         6-21      71%         5
 Fireball                 Conj/Fire      5%         3d5       87%         5


Dungeon Overview and Level Annotations

Branches:
Dungeon (1/1)

Altars:
Ashenzari
Cheibriados
Dithmenos
Elyvilon
Fedhas
Gozag
Hepliaklqana
Kikubaaqudgha
Makhleb
Nemelex Xobeh
Okawaru
Qazlal
Ru
Sif Muna
Trog
Uskayaw
Vehumet
Wu Jian
Xom
Yredelemnul
Zin
The Shining One
Jiyva
Lugonu


Message History

You add the spells Dazzling Flash, Iskenderun's Mystic Blast, Hailstorm, Freezing Cloud and Fireball to your library.
Okay, then.
You swap places.
You start resting.
Magic restored.
You start waiting.
You start waiting.
Your wolf disappears in a puff of smoke!
Done waiting.
Things that are here:
a +0 spear; a gnoll skeleton You open the door.
A gnoll comes into view. It is wielding a +0 club.
Casting: Call Canine Familiar (safe; 1% risk of failure)
Confirm with . or Enter, or press ? or * to list all spells.
You swap places.
Your wolf completely misses the gnoll.
The gnoll shouts!
Your wolf bites the gnoll!
The gnoll closely misses your wolf.
Your wolf bites the gnoll!
The gnoll dies!
Sif Muna accepts your kill.
You swap places.
Things that are here:
a +0 spear; a gnoll skeleton
There is an open door here.
Things that are here:
a +0 club; a gnoll corpse You open the door.
An ice devil comes into view.
Your wolf bites the ice devil but does no damage.
The ice devil hits your wolf! The ice devil freezes your wolf!
Your wolf dies!
Your wolf's corpse disappears in a puff of smoke!
Unknown command.
Casting: Call Canine Familiar (safe; 1% risk of failure)
Confirm with . or Enter, or press ? or * to list all spells.
The ice devil hits you! The ice devil freezes you!!
Ouch! That really hurt!
You die...

#.#........##.......#
#'###########.......#
#.).....# #########
#.###...# #.#.....#
#.#...#.#+#
#.....#.#ยง+
#...###.#4#
#......)h@#
###########


You could see an ice devil (ally target) and a friendly wolf (summoned).

Vanquished Creatures
  An ufetubus (D)
  A ball python skeleton (D)
2 creatures vanquished.

Vanquished Creatures (collateral kills)
  2 floating eyes (D)
  A sky beast (D)
  Jessica (D)
  An orc wizard (D)
  2 gnolls (D)
  An adder zombie (D)
  4 orcs (D)
  A goblin (D)
  2 kobolds (D)
  A ball python (D)
  2 frilled lizards (D)
  A rat (D)
19 creatures vanquished.

Grand Total: 21 creatures vanquished

Notes
Turn   | Place    | Note
-------+----------+-------------------------------------------
     0 | D        | Groucho the Deep Elf Summoner began the quest for the Orb.
     0 | D        | Reached XP level 1. HP: 10/10 MP: 6/6
    46 | D        | Found a bloodstained altar of Trog.
    46 | D        | Found a shimmering blue altar of Sif Muna.
    46 | D        | Found a viscous altar of Jiyva.
    46 | D        | Found a hazy altar of Hepliaklqana.
    46 | D        | Found an opulent altar of Gozag.
    47 | D        | Found a glowing golden altar of the Shining One.
    47 | D        | Found a glowing silver altar of Zin.
    47 | D        | Found a basalt altar of Yredelemnul.
    47 | D        | Found a shimmering altar of Xom.
    47 | D        | Found an ornate altar of the Wu Jian Council.
    47 | D        | Found a sacrificial altar of Ru.
    47 | D        | Found a stormy altar of Qazlal.
    47 | D        | Found an iron altar of Okawaru.
    47 | D        | Found a sparkling altar of Nemelex Xobeh.
    47 | D        | Found a burning altar of Makhleb.
    47 | D        | Found a blossoming altar of Fedhas.
    47 | D        | Found a white marble altar of Elyvilon.
    47 | D        | Found a shadowy altar of Dithmenos.
    47 | D        | Found a snail-covered altar of Cheibriados.
    48 | D        | Found a radiant altar of Vehumet.
    48 | D        | Found a corrupted altar of Lugonu.
    49 | D        | Found a hide-covered altar of Uskayaw.
    49 | D        | Found an ancient bone altar of Kikubaaqudgha.
    49 | D        | Found a broken altar of Ashenzari.
    61 | D        | Became a worshipper of Sif Muna the Loreminder
    88 | D        | Reached skill level 5 in Summonings
   320 | D        | Noticed a floating eye
   324 | D        | Reached * piety under Sif Muna
   326 | D        | Paralysed by a floating eye for 2 turns
   329 | D        | Killed a floating eye
   330 | D        | Reached skill level 5 in Dodging
   330 | D        | Reached skill level 8 in Summonings
   330 | D        | Reached XP level 2. HP: 14/15 MP: 6/11
   330 | D        | Reached XP level 3. HP: 18/19 MP: 7/13
   330 | D        | Reached XP level 4. HP: 23/24 MP: 7/14
   640 | D        | Reached ** piety under Sif Muna
   688 | D        | Learned a level 2 spell: Call Imp
   692 | D        | Learned a level 3 spell: Call Canine Familiar
   696 | D        | Learned a level 3 spell: Summon Guardian Golem
   701 | D        | Learned a level 4 spell: Summon Lightning Spire
   738 | D        | Noticed Jessica
   747 | D        | Reached *** piety under Sif Muna
   752 | D        | Noticed a sky beast
   766 | D        | Killed a sky beast
   767 | D        | Reached skill level 9 in Summonings
   767 | D        | Reached XP level 5. HP: 28/28 MP: 4/17
   772 | D        | Reached **** piety under Sif Muna
   778 | D        | Killed Jessica
   788 | D        | Noticed a floating eye
   791 | D        | Reached skill level 10 in Summonings
   796 | D        | Killed a floating eye
   797 | D        | Reached skill level 5 in Hexes
   797 | D        | Reached XP level 6. HP: 32/32 MP: 8/19
   810 | D        | Reached ***** piety under Sif Muna
   810 | D        | Received a gift from Sif Muna
   811 | D        | Got Peili's Exposition on Battling {god gift}
  1052 | D        | Noticed an ice devil
  1054 | D        | Slain by an ice devil

Illustrated notes

Levels and vault maps discovered:
D:        pitsprint [storerooms_1, entrance_room_1, metal_vault_2, armoury_2,
          mini_pit_1, grid_room_1, main_hall_1, silver_pit, the_coven_2,
          the_vestibule_1, steel_vault_1, golden_pit, hallway_of_sentries,
          crystal_vault_1, iron_vault_4, final_vault]

Skill      XL: |  1  2  3  4  5 |
---------------+----------------+-----
Dodging        | 5 6 7 |  7.7
Summonings     | 8 9 10 | 10.7
Spellcasting   | 6 7 8 |  8.6
Hexes          | 3 5 |  5.3
Air Magic      | 2 3 |  3.8
Stealth        | |  2.4
Conjurations   | |  0.2
Fire Magic     | |  0.2
Ice Magic      | |  0.3

Action                   |  1- 3 |  4- 6 || total
-------------------------+-------+-------++-------
Melee: Quarterstaff      |       |     2 ||     2
 Cast: Summon Small Mamm |     8 |     7 ||    15
       Call Canine Famil |       |     4 ||     4
       Call Imp          |       |     2 ||     2
Armor: Robe              |     1 |       ||     1
Dodge: Dodged            |     1 |     2 ||     3
